[ AOE2 MATCH · #481410110 ]
Team RMByzantines vs Armenians
[ REPLAY ANALYSIS · EXTRACTED FROM THE RECORDED GAME ]
Feudal
10:35
Castle
14:26
Imperial
24:41
| APM avg | 57.7 |
| APM peak | 104 |
| eAPM avg | 31.1 |
| Villagers / military | 145 / 441 |
Focus
⚔️ 45.1% · 🌾 54.9%
Spearman ×264 · Skirmisher ×157 · Bombard Cannon ×13 · Cataphract ×4 · Mangonel ×2 · Trebuchet (Packed) ×1
Feudal
—
Castle
—
Imperial
—
| APM avg | 23.4 |
| APM peak | 51 |
| eAPM avg | 16.8 |
| Villagers / military | 114 / 196 |
Focus
⚔️ 38.1% · 🌾 61.9%
Spearman ×111 · Militia ×65 · Warrior Priest ×10 · Battering Ram ×5 · Unknown (882) ×4 · Mangonel ×3
Feudal
—
Castle
—
Imperial
—
| APM avg | 25.5 |
| APM peak | 54 |
| eAPM avg | 18.9 |
| Villagers / military | 151 / 660 |
Focus
⚔️ 38.1% · 🌾 61.9%
Scorpion ×306 · Spearman ×290 · Scout Cavalry ×41 · Trebuchet (Packed) ×22 · Mangonel ×1
Feudal
11:47
Castle
15:19
Imperial
25:03
| APM avg | 25.1 |
| APM peak | 58 |
| eAPM avg | 17.4 |
| Villagers / military | 108 / 149 |
Focus
⚔️ 45.5% · 🌾 54.5%
Genoese Crossbowman ×137 · Unknown (882) ×19 · Trebuchet (Packed) ×5 · Monk ×3 · Petard ×2 · Bombard Cannon ×2
Feudal
10:31
Castle
14:24
Imperial
30:10
| APM avg | 66.4 |
| APM peak | 155 |
| eAPM avg | 42.7 |
| Villagers / military | 168 / 625 |
Focus
⚔️ 44.1% · 🌾 55.9%
Scout Cavalry ×325 · Knight ×274 · Mangonel ×12 · Monk ×6 · Bombard Cannon ×5 · Battering Ram ×3
Feudal
10:42
Castle
13:50
Imperial
29:11
| APM avg | 31.8 |
| APM peak | 86 |
| eAPM avg | 17.5 |
| Villagers / military | 130 / 746 |
Focus
⚔️ 41.4% · 🌾 58.6%
Scout Cavalry ×516 · Knight ×196 · Battering Ram ×28 · Trebuchet (Packed) ×6
Feudal
12:00
Castle
15:46
Imperial
29:59
| APM avg | 47.0 |
| APM peak | 85 |
| eAPM avg | 28.1 |
| Villagers / military | 199 / 471 |
Focus
⚔️ 37.5% · 🌾 62.5%
Scout Cavalry ×204 · Skirmisher ×159 · Knight ×97 · Battering Ram ×6 · Trade Cart ×4 · Mangonel ×3
Feudal
11:01
Castle
15:34
Imperial
40:29
| APM avg | 39.3 |
| APM peak | 84 |
| eAPM avg | 24.1 |
| Villagers / military | 133 / 324 |
Focus
⚔️ 53.6% · 🌾 46.4%
Spearman ×276 · Scorpion ×31 · Battering Ram ×11 · Mangonel ×6
Match map
Initial resources + every placement click. Lines = walls · curves = elevation contours. ◆ gold · ⬟ stone · ● berries · ✦ relic · ◌ wall gap
Your base· ✓ Closed at 14:26 · 0t walls · 3 gate(s)
LOMBANA FC3797's base· ✓ Closed at 13:19 · 0t walls · 3 gate(s)
fthkzlty's base· ✓ Closed at 12:15 · 0t walls · 3 gate(s)
Hand Cannon's base· ✓ Closed at 15:19 · 1t walls · 2 gate(s)
Kolimir's base· ✓ Closed at 14:24 · 0t walls · 3 gate(s)
QuisalanElevas's base· ✓ Closed at 13:50 · 0t walls · 2 gate(s)
EXILE | El Venenudo's base· ✓ Closed at 15:46 · 0t walls · 6 gate(s)
Yokolucu's base· ✓ Closed at 15:34 · 0t walls · 2 gate(s)
Smoothed initial terrain · ◌ = detected wall gap · hover for details
Inputs per minute
— its big brain time - - LOMBANA FC3797
Build order — its big brain time
First 150 of 625 actions detected
| 0:01 | Create | Villager (Male) |
| 0:02 | Create | Villager (Male) |
| 0:02 | Create | Villager (Male) |
| 0:02 | Create | Villager (Male) |
| 0:03 | Build | House |
| 0:04 | Build | House |
| 1:24 | Create | Villager (Male) |
| 1:24 | Create | Villager (Male) |
| 1:50 | Build | Lumber Camp |
| 2:05 | Create | Villager (Male) |
| 2:06 | Create | Villager (Male) |
| 2:19 | Create | Villager (Male) |
| 2:26 | Create | Villager (Male) |
| 2:52 | Create | Villager (Male) |
| 3:23 | Create | Villager (Male) |
| 3:23 | Create | Villager (Male) |
| 3:33 | Create | Villager (Male) |
| 3:33 | Create | Villager (Male) |
| 3:57 | Create | Villager (Male) |
| 4:09 | Build | House |
| 4:12 | Build | Mill |
| 4:20 | Create | Villager (Male) |
| 4:41 | Create | Villager (Male) |
| 5:23 | Create | Villager (Male) |
| 5:35 | Build | Mill |
| 5:48 | Create | Villager (Male) |
| 6:03 | Create | Villager (Male) |
| 6:14 | Create | Villager (Male) |
| 6:42 | Build | House |
| 6:44 | Research | Loom |
| 7:01 | Create | Villager (Male) |
| 7:01 | Create | Villager (Male) |
| 7:27 | Build | Mining Camp |
| 7:41 | Create | Villager (Male) |
| 8:01 | Research | Feudal Age |
| 9:19 | Create | Villager (Male) |
| 9:59 | Create | Villager (Male) |
| 10:35 | Age | Feudal Age |
| 10:36 | Build | Market |
| 10:38 | Build | Blacksmith |
| 11:46 | Research | Castle Age |
| 11:46 | Research | Castle Age |
| 12:24 | Research | Double-Bit Axe |
| 12:24 | Research | Double-Bit Axe |
| 13:04 | Build | Farm |
| 13:05 | Build | Farm |
| 13:06 | Build | Farm |
| 13:46 | Build | Barracks |
| 13:54 | Build | Farm |
| 14:26 | Age | Castle Age |
| 14:32 | Build | Town Center |
| 14:43 | Create | Villager (Male) |
| 14:47 | Build | Farm |
| 14:50 | Build | Farm |
| 14:52 | Build | House |
| 15:01 | Build | Town Center |
| 15:31 | Create | Villager (Male) |
| 15:40 | Build | Farm |
| 15:41 | Create | Villager (Male) |
| 15:54 | Create | Villager (Male) |
| 15:55 | Create | Villager (Male) |
| 15:59 | Build | Farm |
| 16:02 | Build | Farm |
| 16:07 | Create | Villager (Male) |
| 16:07 | Create | Villager (Male) |
| 16:29 | Build | Mining Camp |
| 16:34 | Build | House |
| 16:35 | Build | House |
| 16:46 | Build | House |
| 16:49 | Build | House |
| 16:56 | Create | Villager (Male) |
| 16:57 | Create | Villager (Male) |
| 16:58 | Create | Villager (Male) |
| 17:24 | Build | Siege Workshop |
| 17:34 | Build | Stone Wall |
| 17:38 | Create | Villager (Male) |
| 17:38 | Create | Villager (Male) |
| 17:39 | Create | Villager (Male) |
| 17:39 | Create | Villager (Male) |
| 17:45 | Build | Farm |
| 18:04 | Build | House |
| 18:07 | Create | Villager (Male) |
| 18:08 | Create | Villager (Male) |
| 18:10 | Build | Farm |
| 18:11 | Build | Farm |
| 18:15 | Build | Farm |
| 18:21 | Build | Farm |
| 18:21 | Create | Villager (Male) |
| 18:34 | Build | Stone Wall |
| 18:35 | Create | Villager (Male) |
| 18:40 | Create | Mangonel |
| 18:40 | Create | Mangonel |
| 18:52 | Create | Villager (Male) |
| 18:58 | Build | Farm |
| 18:59 | Build | Farm |
| 19:00 | Create | Villager (Male) |
| 19:08 | Build | Farm |
| 19:09 | Create | Villager (Male) |
| 19:18 | Create | Villager (Male) |
| 19:19 | Create | Villager (Male) |
| 19:27 | Create | Villager (Male) |
| 19:27 | Create | Villager (Male) |
| 19:35 | Create | Villager (Male) |
| 19:39 | Build | Farm |
| 19:57 | Create | Villager (Male) |
| 19:58 | Create | Villager (Male) |
| 20:01 | Build | University |
| 20:11 | Build | Farm |
| 20:14 | Build | Farm |
| 20:14 | Create | Villager (Male) |
| 20:21 | Create | Villager (Male) |
| 20:25 | Create | Villager (Male) |
| 20:37 | Build | Farm |
| 20:40 | Build | Farm |
| 20:44 | Build | Farm |
| 20:45 | Build | Farm |
| 20:57 | Create | Villager (Male) |
| 20:57 | Create | Villager (Male) |
| 21:31 | Research | Imperial Age |
| 21:31 | Research | Imperial Age |
| 21:45 | Build | Farm |
| 21:45 | Build | Farm |
| 21:46 | Build | Farm |
| 21:46 | Build | Farm |
| 22:01 | Create | Villager (Male) |
| 22:01 | Create | Villager (Male) |
| 22:01 | Create | Villager (Male) |
| 22:01 | Create | Villager (Male) |
| 22:03 | Build | Barracks |
| 22:09 | Build | House |
| 22:10 | Build | House |
| 22:15 | Create | Villager (Male) |
| 22:21 | Create | Villager (Male) |
| 22:23 | Build | House |
| 22:24 | Build | House |
| 22:24 | Build | House |
| 22:43 | Create | Villager (Male) |
| 22:47 | Research | Wheelbarrow |
| 22:49 | Create | Villager (Male) |
| 23:00 | Build | Farm |
| 23:06 | Build | Farm |
| 23:30 | Build | Farm |
| 23:30 | Build | Farm |
| 23:49 | Build | Farm |
| 24:02 | Build | Castle |
| 24:07 | Build | Castle |
| 24:14 | Create | Villager (Male) |
| 24:15 | Create | Villager (Male) |
| 24:15 | Create | Villager (Male) |
| 24:15 | Create | Villager (Male) |
Build order — LOMBANA FC3797
First 150 of 501 actions detected
| 0:02 | Create | Villager (Male) |
| 0:02 | Create | Villager (Male) |
| 0:03 | Create | Villager (Male) |
| 0:04 | Build | House |
| 0:08 | Build | House |
| 0:10 | Build | House |
| 0:18 | Create | Villager (Male) |
| 0:18 | Create | Villager (Male) |
| 2:00 | Create | Villager (Male) |
| 2:00 | Create | Villager (Male) |
| 2:06 | Create | Villager (Male) |
| 2:30 | Create | Villager (Male) |
| 2:35 | Build | Mule Cart |
| 3:01 | Create | Villager (Male) |
| 3:42 | Create | Villager (Male) |
| 4:04 | Create | Villager (Male) |
| 4:32 | Create | Villager (Male) |
| 4:45 | Build | Mill |
| 4:47 | Create | Villager (Male) |
| 5:05 | Build | Mule Cart |
| 5:20 | Create | Villager (Male) |
| 5:44 | Create | Villager (Male) |
| 5:49 | Build | House |
| 5:50 | Build | House |
| 5:51 | Build | House |
| 5:53 | Build | House |
| 6:07 | Create | Villager (Male) |
| 6:37 | Create | Villager (Male) |
| 7:05 | Create | Villager (Male) |
| 7:05 | Create | Villager (Male) |
| 7:28 | Create | Villager (Male) |
| 8:14 | Create | Villager (Male) |
| 8:42 | Research | Loom |
| 9:15 | Research | Feudal Age |
| 10:03 | Create | Villager (Male) |
| 10:03 | Create | Villager (Male) |
| 11:27 | Build | Blacksmith |
| 11:29 | Build | Market |
| 12:04 | Create | Villager (Male) |
| 12:40 | Build | Barracks |
| 12:51 | Create | Villager (Male) |
| 13:19 | Research | Castle Age |
| 14:02 | Research | Double-Bit Axe |
| 14:06 | Research | Horse Collar |
| 14:45 | Build | Farm |
| 14:46 | Build | Farm |
| 14:48 | Build | Farm |
| 14:49 | Build | Farm |
| 14:50 | Build | Farm |
| 15:05 | Build | Farm |
| 15:07 | Build | Farm |
| 15:28 | Create | Spearman |
| 15:54 | Create | Villager (Male) |
| 16:05 | Build | Town Center |
| 16:10 | Create | Villager (Male) |
| 16:21 | Build | Monastery |
| 16:34 | Create | Villager (Male) |
| 16:53 | Build | Farm |
| 16:54 | Build | Farm |
| 17:00 | Build | Farm |
| 17:03 | Create | Villager (Male) |
| 17:27 | Build | Siege Workshop |
| 17:30 | Create | Warrior Priest |
| 17:30 | Create | Warrior Priest |
| 17:36 | Create | Villager (Male) |
| 18:25 | Create | Mangonel |
| 18:41 | Build | Gate |
| 18:43 | Build | House |
| 18:51 | Create | Warrior Priest |
| 18:51 | Create | Warrior Priest |
| 18:51 | Create | Warrior Priest |
| 18:53 | Create | Villager (Male) |
| 18:53 | Create | Villager (Male) |
| 18:54 | Create | Villager (Male) |
| 18:56 | Build | Farm |
| 18:57 | Build | Farm |
| 18:58 | Build | Farm |
| 19:00 | Build | Farm |
| 19:01 | Build | Farm |
| 19:10 | Build | House |
| 19:11 | Build | House |
| 19:54 | Build | Gate |
| 20:06 | Create | Warrior Priest |
| 20:28 | Create | Villager (Male) |
| 20:28 | Create | Villager (Male) |
| 20:37 | Create | Warrior Priest |
| 20:38 | Create | Villager (Male) |
| 20:39 | Create | Villager (Male) |
| 20:39 | Create | Villager (Male) |
| 21:04 | Build | Farm |
| 21:06 | Build | Farm |
| 21:07 | Build | Farm |
| 21:10 | Build | Farm |
| 21:11 | Build | Farm |
| 21:12 | Build | Farm |
| 21:14 | Create | Villager (Male) |
| 21:15 | Create | Villager (Male) |
| 21:15 | Create | Villager (Male) |
| 21:45 | Build | Farm |
| 21:46 | Create | Villager (Male) |
| 21:47 | Create | Villager (Male) |
| 21:52 | Build | Farm |
| 21:54 | Create | Villager (Male) |
| 21:55 | Create | Villager (Male) |
| 22:09 | Research | Man-at-Arms (upgrade) |
| 22:09 | Research | Man-at-Arms (upgrade) |
| 22:15 | Build | House |
| 22:16 | Build | House |
| 22:17 | Build | House |
| 22:17 | Build | House |
| 22:26 | Research | Wheelbarrow |
| 23:00 | Research | Long Swordsman (upgrade) |
| 23:01 | Research | Gambesons |
| 23:05 | Create | Battering Ram |
| 23:08 | Create | Villager (Male) |
| 23:15 | Create | Villager (Male) |
| 23:38 | Research | Bow Saw |
| 23:42 | Build | House |
| 23:42 | Build | House |
| 23:59 | Create | Battering Ram |
| 23:59 | Create | Battering Ram |
| 24:08 | Create | Militia |
| 24:08 | Create | Militia |
| 24:08 | Create | Militia |
| 24:09 | Create | Militia |
| 24:16 | Create | Villager (Male) |
| 24:16 | Create | Villager (Male) |
| 24:17 | Create | Villager (Male) |
| 24:20 | Build | Farm |
| 24:23 | Build | Farm |
| 24:26 | Create | Villager (Male) |
| 24:51 | Create | Mangonel |
| 24:58 | Research | Squires |
| 25:04 | Build | Barracks |
| 25:19 | Create | Mangonel |
| 25:21 | Create | Villager (Male) |
| 25:21 | Create | Villager (Male) |
| 25:30 | Build | Mule Cart |
| 25:32 | Create | Villager (Male) |
| 25:32 | Create | Villager (Male) |
| 25:47 | Research | Two-Handed Swordsman (upgrade) |
| 25:51 | Research | Scale Mail Armor |
| 25:53 | Create | Warrior Priest |
| 25:53 | Create | Warrior Priest |
| 26:02 | Create | Militia |
| 26:02 | Create | Militia |
| 26:02 | Create | Militia |
| 26:07 | Build | Barracks |
| 26:08 | Build | Barracks |
| 26:19 | Create | Militia |
Build order — fthkzlty
First 150 of 495 actions detected
| 0:00 | Create | Villager (Male) |
| 0:01 | Create | Villager (Male) |
| 0:01 | Create | Villager (Male) |
| 0:02 | Build | House |
| 0:04 | Build | House |
| 0:33 | Create | Villager (Male) |
| 0:33 | Create | Villager (Male) |
| 1:22 | Create | Villager (Male) |
| 1:22 | Create | Villager (Male) |
| 1:47 | Build | Lumber Camp |
| 2:05 | Create | Villager (Male) |
| 2:05 | Create | Villager (Male) |
| 2:18 | Create | Villager (Male) |
| 2:18 | Create | Villager (Male) |
| 2:43 | Create | Villager (Male) |
| 2:43 | Create | Villager (Male) |
| 2:56 | Create | Villager (Male) |
| 2:56 | Create | Villager (Male) |
| 3:28 | Build | House |
| 3:29 | Build | House |
| 3:36 | Create | Villager (Male) |
| 3:36 | Create | Villager (Male) |
| 3:58 | Create | Villager (Male) |
| 3:58 | Create | Villager (Male) |
| 4:21 | Create | Villager (Male) |
| 4:36 | Create | Villager (Male) |
| 4:36 | Create | Villager (Male) |
| 4:37 | Create | Villager (Male) |
| 5:38 | Create | Villager (Male) |
| 5:39 | Create | Villager (Male) |
| 6:23 | Build | Mill |
| 6:26 | Create | Villager (Male) |
| 6:27 | Create | Villager (Male) |
| 7:13 | Create | Villager (Male) |
| 7:14 | Create | Villager (Male) |
| 7:27 | Create | Villager (Male) |
| 7:38 | Build | Farm |
| 7:57 | Build | Farm |
| 8:06 | Build | Farm |
| 8:09 | Research | Feudal Age |
| 8:27 | Build | Mining Camp |
| 8:35 | Build | Farm |
| 9:42 | Build | Farm |
| 10:03 | Create | Villager (Male) |
| 10:03 | Create | Villager (Male) |
| 10:40 | Build | House |
| 10:58 | Build | Market |
| 11:00 | Build | Blacksmith |
| 11:43 | Create | Villager (Male) |
| 12:15 | Research | Castle Age |
| 12:17 | Build | Farm |
| 13:08 | Research | Double-Bit Axe |
| 13:09 | Research | Horse Collar |
| 13:16 | Build | Farm |
| 13:38 | Create | Villager (Male) |
| 14:23 | Build | House |
| 14:24 | Build | House |
| 14:57 | Build | Town Center |
| 15:00 | Build | Town Center |
| 15:06 | Create | Villager (Male) |
| 15:07 | Create | Villager (Male) |
| 15:22 | Build | House |
| 15:42 | Build | Farm |
| 15:44 | Build | Farm |
| 15:46 | Build | Farm |
| 15:48 | Create | Villager (Male) |
| 15:52 | Build | House |
| 15:54 | Build | House |
| 16:07 | Create | Villager (Male) |
| 16:08 | Create | Villager (Male) |
| 16:08 | Create | Villager (Male) |
| 16:11 | Create | Villager (Male) |
| 16:12 | Create | Villager (Male) |
| 16:12 | Create | Villager (Male) |
| 16:19 | Build | Farm |
| 16:30 | Create | Villager (Male) |
| 16:34 | Research | Heavy Plow |
| 16:37 | Create | Villager (Male) |
| 16:48 | Build | Farm |
| 16:48 | Build | Farm |
| 16:55 | Build | House |
| 17:01 | Build | Farm |
| 17:03 | Create | Villager (Male) |
| 17:18 | Create | Villager (Male) |
| 17:23 | Build | Farm |
| 17:26 | Build | House |
| 17:41 | Build | Farm |
| 17:47 | Create | Villager (Male) |
| 17:48 | Research | Loom |
| 17:49 | Create | Villager (Male) |
| 17:53 | Build | Farm |
| 17:55 | Build | Farm |
| 17:58 | Build | House |
| 18:01 | Build | Farm |
| 18:03 | Create | Villager (Male) |
| 18:04 | Create | Villager (Male) |
| 18:15 | Create | Villager (Male) |
| 18:19 | Build | Farm |
| 18:25 | Build | House |
| 18:27 | Create | Villager (Male) |
| 18:29 | Build | Farm |
| 18:32 | Build | Farm |
| 18:34 | Build | Farm |
| 18:38 | Create | Villager (Male) |
| 18:44 | Create | Villager (Male) |
| 18:44 | Create | Villager (Male) |
| 18:47 | Build | Farm |
| 18:49 | Build | Farm |
| 18:58 | Create | Villager (Male) |
| 19:00 | Create | Villager (Male) |
| 19:04 | Build | House |
| 19:11 | Create | Villager (Male) |
| 19:12 | Create | Villager (Male) |
| 19:20 | Build | Farm |
| 19:22 | Build | Farm |
| 19:25 | Build | Farm |
| 19:34 | Build | Farm |
| 19:36 | Build | House |
| 19:37 | Build | House |
| 19:39 | Create | Villager (Male) |
| 19:41 | Research | Wheelbarrow |
| 19:44 | Create | Villager (Male) |
| 19:45 | Create | Villager (Male) |
| 19:54 | Build | Farm |
| 19:58 | Create | Villager (Male) |
| 19:58 | Create | Villager (Male) |
| 20:04 | Build | Farm |
| 20:07 | Build | Farm |
| 20:10 | Create | Villager (Male) |
| 20:21 | Create | Villager (Male) |
| 20:22 | Create | Villager (Male) |
| 20:36 | Build | University |
| 20:41 | Create | Villager (Male) |
| 20:42 | Create | Villager (Male) |
| 20:59 | Research | Bow Saw |
| 21:02 | Create | Villager (Male) |
| 21:04 | Create | Villager (Male) |
| 21:05 | Create | Villager (Male) |
| 21:13 | Build | Farm |
| 21:23 | Build | House |
| 21:27 | Create | Villager (Male) |
| 21:28 | Create | Villager (Male) |
| 21:29 | Create | Villager (Male) |
| 21:52 | Research | Hand Cart |
| 21:55 | Create | Villager (Male) |
| 21:58 | Create | Villager (Male) |
| 22:17 | Build | House |
| 22:18 | Build | House |
| 22:30 | Create | Villager (Male) |
| 22:31 | Create | Villager (Male) |
Build order — Hand Cannon
First 150 of 456 actions detected
| 0:02 | Create | Villager (Male) ×4 |
| 0:04 | Build | House |
| 0:06 | Build | House |
| 1:26 | Create | Villager (Male) |
| 2:03 | Create | Villager (Male) |
| 2:15 | Create | Villager (Male) |
| 2:37 | Build | Lumber Camp |
| 2:42 | Create | Villager (Male) |
| 2:43 | Create | Villager (Male) |
| 2:43 | Create | Villager (Male) |
| 3:10 | Create | Villager (Male) |
| 3:14 | Create | Villager (Male) |
| 3:42 | Build | House |
| 4:04 | Create | Villager (Male) |
| 4:04 | Create | Villager (Male) |
| 4:18 | Create | Villager (Male) |
| 5:20 | Build | Mill |
| 5:24 | Create | Villager (Male) |
| 5:32 | Build | House |
| 5:41 | Create | Villager (Male) |
| 5:43 | Create | Villager (Male) |
| 6:20 | Create | Villager (Male) |
| 6:20 | Create | Villager (Male) |
| 7:03 | Create | Villager (Male) |
| 7:03 | Create | Villager (Male) |
| 7:38 | Build | Mill |
| 7:50 | Build | House |
| 7:52 | Build | Palisade Wall |
| 8:06 | Research | Feudal Age |
| 8:36 | Create | Villager (Male) |
| 8:36 | Create | Villager (Male) |
| 8:38 | Research | Feudal Age |
| 8:43 | Build | Farm |
| 8:48 | Build | Farm |
| 8:51 | Build | Farm |
| 8:58 | Build | Farm |
| 9:37 | Build | Mining Camp |
| 11:00 | Create | Villager (Male) |
| 11:01 | Create | Villager (Male) |
| 11:01 | Create | Villager (Male) |
| 11:47 | Age | Feudal Age |
| 11:50 | Build | Market |
| 11:53 | Build | Blacksmith |
| 12:09 | Build | Mining Camp |
| 12:39 | Research | Castle Age |
| 12:51 | Research | Stone Mining |
| 13:18 | Research | Double-Bit Axe |
| 13:22 | Research | Horse Collar |
| 14:08 | Build | Outpost |
| 14:17 | Research | Town Watch |
| 14:18 | Research | Loom |
| 14:44 | Build | Outpost |
| 14:51 | Create | Villager (Male) |
| 14:52 | Create | Villager (Male) |
| 15:19 | Age | Castle Age |
| 15:31 | Build | Outpost |
| 15:32 | Build | House |
| 16:11 | Build | Castle |
| 16:24 | Build | Farm |
| 16:26 | Build | Farm |
| 16:27 | Build | Farm |
| 16:27 | Build | Farm |
| 16:29 | Build | Farm |
| 16:30 | Create | Villager (Male) |
| 16:32 | Create | Villager (Male) |
| 16:47 | Build | Mill |
| 16:51 | Create | Villager (Male) |
| 17:14 | Create | Genoese Crossbowman |
| 17:14 | Create | Genoese Crossbowman |
| 17:25 | Create | Villager (Male) |
| 17:39 | Research | Gold Mining |
| 17:44 | Create | Genoese Crossbowman |
| 17:58 | Create | Villager (Male) |
| 18:28 | Create | Genoese Crossbowman |
| 18:40 | Create | Villager (Male) |
| 18:41 | Create | Villager (Male) |
| 19:06 | Build | House |
| 19:13 | Build | Palisade Wall |
| 19:27 | Create | Villager (Male) |
| 19:27 | Create | Villager (Male) |
| 19:28 | Create | Villager (Male) |
| 19:28 | Create | Villager (Male) |
| 19:46 | Build | House |
| 20:02 | Build | Mining Camp |
| 20:20 | Build | Outpost |
| 21:02 | Create | Petard |
| 21:02 | Create | Petard |
| 21:09 | Research | Wheelbarrow |
| 21:35 | Build | Outpost |
| 21:39 | Build | House |
| 21:47 | Build | Farm |
| 21:53 | Research | Imperial Age |
| 22:04 | Create | Genoese Crossbowman |
| 22:04 | Create | Genoese Crossbowman |
| 22:05 | Create | Genoese Crossbowman |
| 22:06 | Create | Genoese Crossbowman |
| 22:07 | Create | Genoese Crossbowman |
| 22:27 | Research | Fletching |
| 22:35 | Build | Farm |
| 22:41 | Build | Farm |
| 22:46 | Build | Farm |
| 23:11 | Research | Bodkin Arrow |
| 23:15 | Create | Genoese Crossbowman |
| 23:15 | Create | Genoese Crossbowman |
| 23:16 | Create | Genoese Crossbowman |
| 23:29 | Build | Outpost |
| 23:36 | Build | Outpost |
| 23:43 | Research | Padded Archer Armor |
| 24:55 | Build | House |
| 24:59 | Build | Stone Wall |
| 25:03 | Age | Imperial Age |
| 25:05 | Create | Trebuchet (Packed) |
| 25:20 | Research | Wheelbarrow |
| 25:32 | Research | Bracer |
| 25:33 | Research | Bracer |
| 25:42 | Build | Stone Wall |
| 25:51 | Create | Trebuchet (Packed) |
| 26:14 | Create | Villager (Male) |
| 26:15 | Create | Villager (Male) |
| 26:59 | Create | Trebuchet (Packed) |
| 27:01 | Create | Villager (Male) |
| 27:01 | Create | Villager (Male) |
| 27:02 | Create | Villager (Male) |
| 27:03 | Create | Villager (Male) |
| 27:16 | Create | Villager (Male) |
| 27:19 | Build | Lumber Camp |
| 27:41 | Build | Stone Wall |
| 27:45 | Create | Genoese Crossbowman |
| 27:45 | Create | Genoese Crossbowman |
| 27:46 | Create | Genoese Crossbowman |
| 28:02 | Research | Leather Archer Armor |
| 28:03 | Create | Villager (Male) |
| 28:03 | Create | Villager (Male) |
| 28:24 | Create | Genoese Crossbowman |
| 28:24 | Create | Genoese Crossbowman |
| 28:25 | Create | Genoese Crossbowman |
| 28:47 | Create | Genoese Crossbowman |
| 28:55 | Create | Villager (Male) |
| 28:56 | Create | Villager (Male) |
| 28:56 | Create | Villager (Male) |
| 29:07 | Build | House |
| 29:19 | Create | Genoese Crossbowman |
| 29:19 | Create | Genoese Crossbowman |
| 29:31 | Create | Villager (Male) |
| 29:32 | Create | Villager (Male) |
| 29:39 | Build | Barracks |
| 30:23 | Research | Squires |
| 30:29 | Build | University |
| 30:31 | Create | Genoese Crossbowman |
| 30:31 | Create | Genoese Crossbowman |
Build order — Kolimir
First 150 of 762 actions detected
| 0:01 | Create | Villager (Male) |
| 0:01 | Create | Villager (Male) |
| 0:01 | Create | Villager (Male) |
| 0:01 | Create | Villager (Male) |
| 0:02 | Build | House |
| 0:04 | Build | House |
| 0:07 | Create | Villager (Male) |
| 0:07 | Create | Villager (Male) |
| 0:08 | Create | Villager (Male) |
| 1:25 | Build | Lumber Camp |
| 1:34 | Create | Villager (Male) |
| 1:34 | Create | Villager (Male) |
| 2:14 | Create | Villager (Male) |
| 2:35 | Create | Villager (Male) |
| 2:56 | Create | Villager (Male) |
| 3:17 | Create | Villager (Male) |
| 3:25 | Build | House |
| 3:26 | Build | House |
| 4:34 | Create | Villager (Male) |
| 4:38 | Build | Mill |
| 4:41 | Create | Villager (Male) |
| 4:58 | Create | Villager (Male) |
| 5:13 | Create | Villager (Male) |
| 5:48 | Create | Villager (Male) |
| 6:22 | Build | Mining Camp |
| 6:24 | Create | Villager (Male) |
| 6:53 | Create | Villager (Male) |
| 7:14 | Create | Villager (Male) |
| 7:15 | Create | Villager (Male) |
| 7:21 | Build | Farm |
| 7:23 | Build | Farm |
| 8:10 | Research | Feudal Age |
| 8:44 | Build | Barracks |
| 8:47 | Create | Villager (Male) |
| 8:48 | Create | Villager (Male) |
| 9:32 | Build | House |
| 10:31 | Age | Feudal Age |
| 10:38 | Build | Stable |
| 11:03 | Build | Blacksmith |
| 11:44 | Research | Castle Age |
| 12:13 | Research | Horse Collar |
| 12:16 | Build | Farm |
| 12:18 | Build | Farm |
| 12:31 | Build | House |
| 12:58 | Research | Double-Bit Axe |
| 13:01 | Build | Farm |
| 13:09 | Create | Scout Cavalry |
| 13:20 | Build | Farm |
| 13:43 | Create | Scout Cavalry |
| 14:04 | Create | Villager (Male) |
| 14:24 | Age | Castle Age |
| 14:30 | Build | Monastery |
| 14:34 | Create | Villager (Male) |
| 14:40 | Research | Light Cavalry (upgrade) |
| 14:43 | Build | Farm |
| 14:45 | Build | Farm |
| 15:02 | Create | Villager (Male) |
| 15:02 | Create | Villager (Male) |
| 15:02 | Create | Villager (Male) |
| 15:06 | Build | Farm |
| 15:16 | Create | Monk |
| 15:26 | Create | Villager (Male) |
| 15:38 | Build | House |
| 15:39 | Build | House |
| 15:43 | Build | Farm |
| 15:44 | Create | Villager (Male) |
| 15:53 | Create | Monk |
| 16:06 | Create | Villager (Male) |
| 16:23 | Create | Villager (Male) |
| 16:28 | Create | Scout Cavalry |
| 16:32 | Build | Town Center |
| 16:43 | Create | Villager (Male) |
| 16:45 | Create | Monk |
| 17:00 | Create | Villager (Male) |
| 17:00 | Create | Villager (Male) |
| 17:16 | Create | Villager (Male) |
| 17:17 | Create | Villager (Male) |
| 17:22 | Build | Farm |
| 17:24 | Build | Farm |
| 17:34 | Create | Monk |
| 17:35 | Create | Villager (Male) |
| 17:43 | Build | Farm |
| 17:47 | Build | Farm |
| 17:57 | Research | Wheelbarrow |
| 18:13 | Create | Villager (Male) |
| 18:17 | Create | Villager (Male) |
| 18:41 | Create | Villager (Male) |
| 18:51 | Create | Villager (Male) |
| 18:57 | Build | Town Center |
| 19:03 | Create | Villager (Male) |
| 19:10 | Create | Villager (Male) |
| 19:22 | Build | House |
| 19:23 | Build | House |
| 19:24 | Create | Villager (Male) |
| 19:32 | Build | Farm |
| 19:34 | Build | Farm |
| 19:44 | Build | Farm |
| 19:52 | Create | Villager (Male) |
| 19:56 | Build | Farm |
| 20:02 | Build | Farm |
| 20:07 | Create | Villager (Male) |
| 20:25 | Research | Fervor |
| 20:26 | Create | Villager (Male) |
| 20:26 | Create | Villager (Male) |
| 20:31 | Create | Villager (Male) |
| 20:38 | Research | Bloodlines |
| 20:48 | Create | Villager (Male) |
| 20:48 | Create | Villager (Male) |
| 20:56 | Create | Villager (Male) |
| 20:56 | Create | Villager (Male) |
| 21:02 | Create | Villager (Male) |
| 21:05 | Build | Stable |
| 21:08 | Create | Villager (Male) |
| 21:08 | Create | Villager (Male) |
| 21:12 | Create | Monk |
| 21:13 | Create | Villager (Male) |
| 21:14 | Create | Villager (Male) |
| 21:20 | Build | Farm |
| 21:24 | Build | Farm |
| 21:25 | Build | Farm |
| 21:26 | Build | Farm |
| 21:29 | Create | Villager (Male) |
| 21:40 | Research | Bow Saw |
| 21:41 | Research | Bow Saw |
| 21:42 | Create | Villager (Male) |
| 21:52 | Build | Farm |
| 21:53 | Create | Villager (Male) |
| 21:53 | Create | Villager (Male) |
| 21:54 | Create | Villager (Male) |
| 22:21 | Build | House |
| 22:21 | Build | House |
| 22:22 | Build | House |
| 22:23 | Create | Villager (Male) |
| 22:30 | Build | Mining Camp |
| 22:36 | Build | House |
| 22:42 | Build | House |
| 22:45 | Build | Farm |
| 22:46 | Create | Villager (Male) |
| 22:47 | Create | Villager (Male) |
| 22:49 | Research | Loom |
| 22:50 | Research | Town Watch |
| 22:52 | Create | Villager (Male) |
| 22:52 | Create | Villager (Male) |
| 22:55 | Build | Farm |
| 22:57 | Create | Villager (Male) |
| 22:57 | Create | Villager (Male) |
| 23:09 | Research | Heavy Plow |
| 23:20 | Research | Redemption |
| 23:31 | Research | Husbandry |
| 23:31 | Create | Villager (Male) |
Build order — QuisalanElevas
First 150 of 526 actions detected
| 0:01 | Create | Villager (Male) |
| 0:01 | Create | Villager (Male) |
| 0:02 | Build | House |
| 0:04 | Build | House |
| 0:05 | Create | Villager (Male) |
| 0:05 | Create | Villager (Male) |
| 1:28 | Create | Villager (Male) |
| 1:29 | Create | Villager (Male) |
| 2:06 | Create | Villager (Male) |
| 2:07 | Create | Villager (Male) |
| 2:12 | Build | Lumber Camp |
| 2:34 | Create | Villager (Male) |
| 2:34 | Create | Villager (Male) |
| 2:37 | Build | House |
| 2:38 | Build | House |
| 2:56 | Create | Villager (Male) |
| 3:50 | Create | Villager (Male) |
| 3:50 | Create | Villager (Male) |
| 3:51 | Create | Villager (Male) |
| 3:51 | Create | Villager (Male) |
| 4:42 | Create | Villager (Male) |
| 4:42 | Create | Villager (Male) |
| 4:56 | Build | Mill |
| 5:37 | Create | Villager (Male) |
| 5:40 | Create | Villager (Male) |
| 5:40 | Create | Villager (Male) |
| 5:48 | Create | Villager (Male) |
| 5:48 | Create | Villager (Male) |
| 6:14 | Create | Villager (Male) |
| 6:43 | Create | Villager (Male) |
| 6:43 | Create | Villager (Male) |
| 6:43 | Create | Villager (Male) |
| 6:44 | Create | Villager (Male) |
| 6:56 | Create | Villager (Male) |
| 7:55 | Build | House |
| 8:30 | Research | Feudal Age |
| 10:42 | Age | Feudal Age |
| 11:10 | Research | Castle Age |
| 11:15 | Build | Farm |
| 11:18 | Build | Farm |
| 11:21 | Build | Farm |
| 11:24 | Build | Farm |
| 11:33 | Build | Farm |
| 11:33 | Build | Farm |
| 11:34 | Build | Farm |
| 11:56 | Build | Farm |
| 11:59 | Build | Farm |
| 12:04 | Build | Farm |
| 12:07 | Build | Farm |
| 12:36 | Research | Double-Bit Axe |
| 13:03 | Research | Horse Collar |
| 13:34 | Create | Villager (Male) |
| 13:34 | Create | Villager (Male) |
| 13:34 | Create | Villager (Male) |
| 13:50 | Age | Castle Age |
| 13:54 | Create | Villager (Male) |
| 14:16 | Build | Town Center |
| 14:23 | Create | Villager (Male) |
| 14:59 | Create | Villager (Male) |
| 14:59 | Create | Villager (Male) |
| 15:21 | Research | Bow Saw |
| 15:42 | Create | Villager (Male) |
| 15:56 | Create | Villager (Male) |
| 15:57 | Create | Villager (Male) |
| 15:57 | Create | Villager (Male) |
| 16:01 | Build | Town Center |
| 16:04 | Create | Villager (Male) |
| 16:05 | Create | Villager (Male) |
| 16:05 | Create | Villager (Male) |
| 16:24 | Build | House |
| 16:25 | Build | House |
| 16:26 | Build | House |
| 16:27 | Build | House |
| 16:37 | Create | Villager (Male) |
| 16:38 | Create | Villager (Male) |
| 16:54 | Build | Market |
| 17:15 | Build | Farm |
| 17:40 | Build | Farm |
| 17:53 | Build | Mining Camp |
| 17:55 | Create | Villager (Male) |
| 17:56 | Create | Villager (Male) |
| 17:56 | Create | Villager (Male) |
| 18:04 | Research | Heavy Plow |
| 18:10 | Build | Farm |
| 18:10 | Build | Farm |
| 18:10 | Build | Farm |
| 18:25 | Build | Farm |
| 18:27 | Create | Villager (Male) |
| 18:28 | Create | Villager (Male) |
| 18:28 | Create | Villager (Male) |
| 18:29 | Create | Villager (Male) |
| 18:30 | Create | Villager (Male) |
| 18:49 | Build | House |
| 18:51 | Build | House |
| 18:52 | Build | House |
| 18:57 | Create | Villager (Male) |
| 18:58 | Create | Villager (Male) |
| 18:58 | Create | Villager (Male) |
| 19:05 | Create | Villager (Male) |
| 19:05 | Create | Villager (Male) |
| 19:06 | Create | Villager (Male) |
| 19:20 | Build | Farm |
| 19:20 | Build | Farm |
| 19:21 | Build | Farm |
| 19:21 | Build | Farm |
| 19:21 | Build | Farm |
| 20:03 | Build | House |
| 20:06 | Create | Villager (Male) |
| 20:08 | Create | Villager (Male) |
| 20:33 | Build | House |
| 20:42 | Build | Farm |
| 20:42 | Build | Farm |
| 20:43 | Build | Farm |
| 20:43 | Build | Farm |
| 20:43 | Build | Farm |
| 20:43 | Build | Farm |
| 20:44 | Build | Farm |
| 20:44 | Build | Farm |
| 20:52 | Create | Villager (Male) |
| 20:53 | Create | Villager (Male) |
| 20:53 | Create | Villager (Male) |
| 21:11 | Build | House |
| 21:12 | Build | House |
| 21:21 | Build | Mining Camp |
| 21:22 | Create | Villager (Male) |
| 21:22 | Create | Villager (Male) |
| 21:23 | Create | Villager (Male) |
| 21:23 | Create | Villager (Male) |
| 21:23 | Create | Villager (Male) |
| 21:25 | Create | Villager (Male) |
| 21:56 | Build | House |
| 21:57 | Build | House |
| 21:59 | Build | House |
| 22:02 | Build | House |
| 22:04 | Build | House |
| 22:09 | Build | House |
| 22:12 | Create | Villager (Male) |
| 22:13 | Create | Villager (Male) |
| 22:13 | Create | Villager (Male) |
| 22:13 | Create | Villager (Male) |
| 22:14 | Create | Villager (Male) |
| 22:14 | Create | Villager (Male) |
| 22:15 | Create | Villager (Male) |
| 22:19 | Research | Gold Mining |
| 22:21 | Research | Stone Mining |
| 22:21 | Research | Stone Mining |
| 22:41 | Build | Gate |
| 22:54 | Create | Villager (Male) |
| 22:54 | Create | Villager (Male) |
| 22:54 | Create | Villager (Male) |
Build order — EXILE | El Venenudo
First 150 of 714 actions detected
| 0:01 | Create | Villager (Male) |
| 0:02 | Create | Villager (Male) |
| 0:05 | Create | Villager (Male) |
| 0:06 | Create | Villager (Male) |
| 0:06 | Create | Villager (Male) |
| 1:16 | Create | Villager (Male) |
| 1:17 | Create | Villager (Male) |
| 1:48 | Build | Lumber Camp |
| 1:54 | Create | Villager (Male) |
| 1:55 | Create | Villager (Male) |
| 2:03 | Create | Villager (Male) |
| 2:04 | Create | Villager (Male) |
| 3:06 | Create | Villager (Male) |
| 3:06 | Create | Villager (Male) |
| 3:33 | Create | Villager (Male) |
| 3:33 | Create | Villager (Male) |
| 4:10 | Build | Palisade Gate |
| 4:27 | Build | Palisade Gate |
| 4:36 | Build | Palisade Gate |
| 4:43 | Build | Palisade Gate |
| 4:47 | Create | Villager (Male) |
| 4:47 | Create | Villager (Male) |
| 5:03 | Create | Villager (Male) |
| 5:40 | Create | Villager (Male) |
| 5:40 | Create | Villager (Male) |
| 6:04 | Create | Villager (Male) |
| 6:04 | Create | Villager (Male) |
| 6:04 | Create | Villager (Male) |
| 6:11 | Build | Mill |
| 6:28 | Create | Villager (Male) |
| 6:42 | Create | Villager (Male) |
| 7:25 | Create | Villager (Male) |
| 7:41 | Create | Villager (Male) |
| 7:55 | Create | Villager (Male) |
| 8:15 | Create | Villager (Male) |
| 8:41 | Build | Mining Camp |
| 9:06 | Create | Villager (Male) |
| 9:45 | Research | Feudal Age |
| 10:02 | Build | Farm |
| 10:07 | Build | Farm |
| 10:33 | Build | Farm |
| 10:51 | Build | Farm |
| 11:19 | Build | Farm |
| 11:52 | Create | Villager (Male) |
| 11:52 | Create | Villager (Male) |
| 12:00 | Age | Feudal Age |
| 12:11 | Build | Blacksmith |
| 12:15 | Build | Market |
| 13:06 | Research | Castle Age |
| 13:06 | Research | Castle Age |
| 13:57 | Research | Double-Bit Axe |
| 15:46 | Age | Castle Age |
| 15:53 | Build | Town Center |
| 16:04 | Build | Town Center |
| 16:07 | Create | Villager (Male) |
| 16:07 | Create | Villager (Male) |
| 16:09 | Build | Farm |
| 16:12 | Research | Bow Saw |
| 16:26 | Build | Farm |
| 16:36 | Build | Siege Workshop |
| 16:45 | Build | Siege Workshop |
| 16:46 | Create | Villager (Male) |
| 16:49 | Build | Farm |
| 16:59 | Build | Farm |
| 17:18 | Create | Villager (Male) |
| 17:24 | Build | Farm |
| 17:27 | Build | Farm |
| 17:28 | Build | Farm |
| 17:28 | Build | Farm |
| 17:28 | Build | Farm |
| 17:28 | Build | Farm |
| 17:32 | Create | Villager (Male) |
| 17:33 | Create | Villager (Male) |
| 17:39 | Create | Villager (Male) |
| 17:42 | Build | Farm |
| 17:57 | Create | Villager (Male) |
| 17:58 | Create | Villager (Male) |
| 17:58 | Create | Villager (Male) |
| 18:05 | Build | Farm |
| 18:08 | Build | Farm |
| 18:11 | Build | Farm |
| 18:12 | Create | Mangonel |
| 18:13 | Create | Mangonel |
| 18:22 | Create | Villager (Male) |
| 18:33 | Build | Farm |
| 18:36 | Create | Villager (Male) |
| 18:41 | Create | Villager (Male) |
| 18:46 | Build | Farm |
| 18:48 | Build | Farm |
| 18:58 | Create | Villager (Male) |
| 19:07 | Create | Villager (Male) |
| 19:08 | Build | Farm |
| 19:09 | Create | Villager (Male) |
| 19:44 | Create | Mangonel |
| 19:46 | Create | Villager (Male) |
| 19:46 | Create | Villager (Male) |
| 19:46 | Create | Villager (Male) |
| 19:48 | Create | Villager (Male) |
| 19:48 | Create | Villager (Male) |
| 19:50 | Build | Farm |
| 20:10 | Create | Villager (Male) |
| 20:58 | Create | Villager (Male) |
| 20:58 | Create | Villager (Male) |
| 20:59 | Create | Villager (Male) |
| 20:59 | Create | Villager (Male) |
| 21:02 | Build | Farm |
| 21:02 | Build | Farm |
| 21:02 | Build | Farm |
| 21:02 | Build | Farm |
| 21:03 | Create | Villager (Male) |
| 21:05 | Create | Villager (Male) |
| 21:10 | Build | Town Center |
| 21:13 | Create | Villager (Male) |
| 21:13 | Create | Villager (Male) |
| 21:24 | Create | Villager (Male) |
| 21:25 | Create | Villager (Male) |
| 21:27 | Build | Farm |
| 21:28 | Build | Farm |
| 21:28 | Build | Farm |
| 21:28 | Build | Farm |
| 21:43 | Create | Villager (Male) |
| 21:46 | Research | Wheelbarrow |
| 21:48 | Create | Villager (Male) |
| 21:51 | Build | Lumber Camp |
| 21:54 | Create | Villager (Male) |
| 21:54 | Create | Villager (Male) |
| 22:08 | Create | Villager (Male) |
| 22:15 | Build | Farm |
| 22:19 | Build | Farm |
| 22:19 | Create | Villager (Male) |
| 22:19 | Create | Villager (Male) |
| 22:30 | Create | Villager (Male) |
| 22:34 | Create | Villager (Male) |
| 22:37 | Build | Farm |
| 22:38 | Create | Villager (Male) |
| 22:47 | Create | Villager (Male) |
| 22:51 | Build | Farm |
| 22:52 | Build | Farm |
| 22:52 | Build | Farm |
| 22:52 | Build | Farm |
| 22:54 | Create | Villager (Male) |
| 22:57 | Build | Farm |
| 22:57 | Build | Farm |
| 22:57 | Build | Farm |
| 23:00 | Build | Farm |
| 23:00 | Build | Farm |
| 23:02 | Create | Villager (Male) |
| 23:07 | Create | Villager (Male) |
| 23:08 | Build | Farm |
| 23:08 | Build | Farm |
Build order — Yokolucu
First 150 of 607 actions detected
| 0:01 | Create | Villager (Male) |
| 0:01 | Create | Villager (Male) |
| 0:01 | Create | Villager (Male) |
| 0:01 | Create | Villager (Male) |
| 0:02 | Create | Villager (Male) |
| 0:04 | Build | House |
| 0:05 | Build | House |
| 1:35 | Create | Villager (Male) |
| 1:35 | Create | Villager (Male) |
| 2:09 | Create | Villager (Male) |
| 2:09 | Create | Villager (Male) |
| 2:18 | Create | Villager (Male) |
| 2:18 | Create | Villager (Male) |
| 2:20 | Build | Lumber Camp |
| 2:50 | Create | Villager (Male) |
| 2:51 | Create | Villager (Male) |
| 3:00 | Create | Villager (Male) |
| 3:00 | Create | Villager (Male) |
| 3:33 | Create | Villager (Male) |
| 3:33 | Create | Villager (Male) |
| 3:42 | Create | Villager (Male) |
| 3:43 | Create | Villager (Male) |
| 3:53 | Build | House |
| 4:12 | Create | Villager (Male) |
| 4:12 | Create | Villager (Male) |
| 4:42 | Create | Villager (Male) |
| 4:42 | Create | Villager (Male) |
| 4:48 | Build | Mill |
| 5:24 | Create | Villager (Male) |
| 5:24 | Create | Villager (Male) |
| 5:41 | Create | Villager (Male) |
| 6:09 | Create | Villager (Male) |
| 6:09 | Create | Villager (Male) |
| 6:12 | Build | House |
| 6:39 | Create | Villager (Male) |
| 7:01 | Create | Villager (Male) |
| 7:22 | Create | Villager (Male) |
| 7:41 | Build | Mill |
| 8:08 | Create | Villager (Male) |
| 8:30 | Build | Mining Camp |
| 8:39 | Research | Loom |
| 8:40 | Research | Feudal Age |
| 9:34 | Build | Barracks |
| 10:51 | Create | Villager (Male) |
| 10:51 | Create | Villager (Male) |
| 11:01 | Age | Feudal Age |
| 11:04 | Build | Market |
| 11:08 | Research | Wheelbarrow |
| 11:09 | Research | Wheelbarrow |
| 11:12 | Build | Blacksmith |
| 11:25 | Build | Farm |
| 11:26 | Build | Farm |
| 11:39 | Build | House |
| 11:53 | Build | Farm |
| 12:54 | Research | Castle Age |
| 13:07 | Research | Horse Collar |
| 13:30 | Build | Farm |
| 13:31 | Create | Spearman |
| 13:41 | Build | Farm |
| 13:44 | Build | Farm |
| 13:56 | Create | Spearman |
| 14:02 | Build | House |
| 14:03 | Build | House |
| 14:08 | Create | Spearman |
| 14:21 | Create | Spearman |
| 15:04 | Build | House |
| 15:05 | Create | Spearman |
| 15:06 | Create | Spearman |
| 15:18 | Create | Villager (Male) |
| 15:34 | Age | Castle Age |
| 15:37 | Build | Siege Workshop |
| 15:38 | Create | Villager (Male) |
| 15:44 | Build | House |
| 16:13 | Create | Battering Ram |
| 16:13 | Create | Battering Ram |
| 16:15 | Build | Farm |
| 16:19 | Build | House |
| 16:23 | Research | Pikeman (upgrade) |
| 16:25 | Create | Villager (Male) |
| 16:28 | Research | Loom |
| 16:59 | Create | Battering Ram |
| 17:28 | Create | Villager (Male) |
| 17:30 | Build | House |
| 17:37 | Create | Villager (Male) |
| 17:37 | Create | Villager (Male) |
| 17:41 | Build | Farm |
| 17:43 | Build | Farm |
| 17:51 | Create | Scorpion |
| 18:18 | Create | Villager (Male) |
| 18:19 | Create | Villager (Male) |
| 18:20 | Build | Farm |
| 18:29 | Create | Villager (Male) |
| 18:31 | Build | House |
| 19:02 | Create | Scorpion |
| 19:37 | Create | Villager (Male) |
| 19:37 | Create | Villager (Male) |
| 19:40 | Build | House |
| 19:55 | Create | Villager (Male) |
| 19:56 | Create | Villager (Male) |
| 20:26 | Create | Villager (Male) |
| 20:28 | Build | House |
| 20:28 | Create | Scorpion |
| 20:28 | Create | Scorpion |
| 20:57 | Create | Villager (Male) |
| 20:57 | Create | Villager (Male) |
| 20:59 | Build | House |
| 21:01 | Create | Mangonel |
| 21:02 | Create | Villager (Male) |
| 21:03 | Create | Villager (Male) |
| 21:06 | Build | Town Center |
| 21:34 | Build | House |
| 21:34 | Build | House |
| 21:34 | Build | House |
| 21:36 | Create | Villager (Male) |
| 21:36 | Create | Villager (Male) |
| 21:41 | Research | Double-Bit Axe |
| 21:41 | Research | Double-Bit Axe |
| 22:06 | Create | Mangonel |
| 22:17 | Build | Farm |
| 22:28 | Create | Villager (Male) |
| 22:28 | Create | Villager (Male) |
| 22:32 | Build | Farm |
| 22:33 | Create | Villager (Male) |
| 22:33 | Create | Villager (Male) |
| 22:36 | Create | Spearman |
| 22:36 | Create | Spearman |
| 22:43 | Build | Farm |
| 22:58 | Create | Villager (Male) |
| 22:58 | Create | Villager (Male) |
| 23:01 | Build | Farm |
| 23:08 | Build | Farm |
| 23:10 | Build | Farm |
| 23:15 | Build | Farm |
| 23:35 | Create | Villager (Male) |
| 23:40 | Build | Lumber Camp |
| 23:48 | Create | Villager (Male) |
| 23:48 | Create | Villager (Male) |
| 23:58 | Build | Farm |
| 24:00 | Build | Farm |
| 24:09 | Research | Bow Saw |
| 24:42 | Create | Villager (Male) |
| 24:42 | Create | Villager (Male) |
| 24:54 | Build | Town Center |
| 24:55 | Create | Villager (Male) |
| 24:55 | Create | Villager (Male) |
| 25:01 | Build | House |
| 25:01 | Build | House |
| 25:01 | Build | House |
| 25:01 | Build | House |
| 25:02 | Build | House |
Match timeline
| 7:52 | Hand Cannon · wall_segment Palisade Wall x1 |
| 8:44 | Kolimir · first_building Barracks |
| 9:34 | Yokolucu · first_building Barracks |
| 10:31 | Kolimir · age_up feudal |
| 10:35 | its big brain time · age_up feudal |
| 10:38 | Kolimir · first_building Stable |
| 10:42 | QuisalanElevas · age_up feudal |
| 11:01 | Yokolucu · age_up feudal |
| 11:47 | Hand Cannon · age_up feudal |
| 12:00 | EXILE | El Venenudo · age_up feudal |
| 12:30 | Yokolucu · first_market_sell 100 wood |
| 12:34 | Yokolucu · first_market_buy 100 food |
| 12:40 | LOMBANA FC3797 · first_building Barracks |
| 12:53 | LOMBANA FC3797 · first_market_sell 100 wood |
| 12:55 | LOMBANA FC3797 · first_market_buy 100 food |
| 13:46 | its big brain time · first_building Barracks |
| 13:50 | QuisalanElevas · age_up castle |
| 14:24 | Kolimir · age_up castle |
| 14:26 | its big brain time · age_up castle |
| 14:30 | Kolimir · first_building Monastery |
| 15:19 | Hand Cannon · age_up castle |
| 15:34 | Yokolucu · age_up castle |
| 15:37 | Yokolucu · first_building Siege Workshop |
| 15:46 | EXILE | El Venenudo · age_up castle |
| 16:11 | Hand Cannon · first_building Castle |
| 16:21 | LOMBANA FC3797 · first_building Monastery |
| 16:36 | EXILE | El Venenudo · first_building Siege Workshop |
| 17:24 | its big brain time · first_building Siege Workshop |
| 17:27 | LOMBANA FC3797 · first_building Siege Workshop |
| 17:34 | its big brain time · wall_segment Stone Wall x4 |
| 18:34 | its big brain time · wall_segment Stone Wall x6 |
| 18:54 | EXILE | El Venenudo · first_market_sell 100 wood |
| 18:57 | EXILE | El Venenudo · first_market_buy 100 stone |
| 19:13 | Hand Cannon · wall_segment Palisade Wall x2 |
| 20:30 | QuisalanElevas · tribute_sent a jugador 1 |
| 20:30 | QuisalanElevas · tribute_sent a jugador 2 |
| 20:30 | QuisalanElevas · tribute_sent a jugador 3 |
| 20:30 | QuisalanElevas · tribute_sent a jugador 4 |
| 20:30 | QuisalanElevas · tribute_sent a jugador 5 |
| 20:30 | QuisalanElevas · tribute_sent a jugador 7 |
| 20:30 | QuisalanElevas · tribute_sent a jugador 8 |
| 22:49 | fthkzlty · first_building Siege Workshop |
| 23:43 | fthkzlty · first_building Barracks |
| 24:02 | its big brain time · first_building Castle |
| 24:30 | EXILE | El Venenudo · first_building Barracks |
| 24:41 | its big brain time · age_up imperial |
| 24:52 | fthkzlty · first_building Castle |
| 24:55 | QuisalanElevas · first_building Stable |
| 24:59 | Hand Cannon · wall_segment Stone Wall x2 |
| 25:01 | its big brain time · wall_segment Stone Wall x1 |
| 25:03 | Hand Cannon · age_up imperial |
| 25:34 | EXILE | El Venenudo · first_building Stable |
| 25:42 | Hand Cannon · wall_segment Stone Wall x18 |
| 27:20 | fthkzlty · first_market_sell 100 wood |
| 27:24 | QuisalanElevas · wall_segment Stone Wall x1 |
| 27:25 | QuisalanElevas · wall_segment Stone Wall x1 |
| 27:41 | Hand Cannon · wall_segment Stone Wall x7 |
| 27:43 | QuisalanElevas · first_building Castle |
| 28:04 | Kolimir · first_building Castle |
| 29:11 | QuisalanElevas · age_up imperial |
| 29:36 | Hand Cannon · first_market_buy 100 wood |
| 29:39 | Hand Cannon · first_building Barracks |
| 29:52 | its big brain time · first_market_buy 100 stone |
| 29:59 | EXILE | El Venenudo · age_up imperial |
| 30:10 | Kolimir · age_up imperial |
| 30:40 | its big brain time · first_market_sell 500 food |
| 32:05 | LOMBANA FC3797 · first_building Castle |
| 33:00 | QuisalanElevas · first_market_sell 100 food |
| 36:14 | its big brain time · first_building Archery Range |
| 36:37 | fthkzlty · tribute_sent a jugador 1 |
| 36:37 | fthkzlty · tribute_sent a jugador 3 |
| 36:37 | fthkzlty · tribute_sent a jugador 4 |
| 36:37 | fthkzlty · tribute_sent a jugador 5 |
| 36:37 | fthkzlty · tribute_sent a jugador 6 |
| 36:37 | fthkzlty · tribute_sent a jugador 7 |
| 36:37 | fthkzlty · tribute_sent a jugador 8 |
| 36:51 | Yokolucu · first_building Monastery |
| 38:13 | EXILE | El Venenudo · first_building Archery Range |
| 38:27 | Kolimir · first_building Siege Workshop |
| 38:29 | fthkzlty · tribute_sent a jugador 1 |
| 38:29 | fthkzlty · tribute_sent a jugador 3 |
| 38:29 | fthkzlty · tribute_sent a jugador 4 |
| 38:29 | fthkzlty · tribute_sent a jugador 5 |
| 38:29 | fthkzlty · tribute_sent a jugador 6 |
| 38:29 | fthkzlty · tribute_sent a jugador 7 |
| 38:29 | fthkzlty · tribute_sent a jugador 8 |
| 40:21 | Yokolucu · tribute_sent a jugador 1 |
| 40:21 | Yokolucu · tribute_sent a jugador 2 |
| 40:21 | Yokolucu · tribute_sent a jugador 3 |
| 40:21 | Yokolucu · tribute_sent a jugador 4 |
| 40:21 | Yokolucu · tribute_sent a jugador 5 |
| 40:21 | Yokolucu · tribute_sent a jugador 6 |
| 40:21 | Yokolucu · tribute_sent a jugador 7 |
| 40:22 | EXILE | El Venenudo · first_building Castle |
| 40:29 | Yokolucu · age_up imperial |
| 40:39 | EXILE | El Venenudo · tribute_sent a jugador 1 |
| 40:39 | EXILE | El Venenudo · tribute_sent a jugador 2 |
| 40:39 | EXILE | El Venenudo · tribute_sent a jugador 3 |
| 40:39 | EXILE | El Venenudo · tribute_sent a jugador 4 |
| 40:39 | EXILE | El Venenudo · tribute_sent a jugador 5 |
| 40:39 | EXILE | El Venenudo · tribute_sent a jugador 6 |
| 40:39 | EXILE | El Venenudo · tribute_sent a jugador 8 |
| 40:42 | Yokolucu · first_building Castle |
| 41:32 | Kolimir · first_market_sell 100 food |
| 42:04 | fthkzlty · first_market_buy 100 stone |
| 42:19 | Hand Cannon · wall_segment Stone Wall x7 |
| 46:16 | fthkzlty · tribute_sent a jugador 1 |
| 46:16 | fthkzlty · tribute_sent a jugador 3 |
| 46:16 | fthkzlty · tribute_sent a jugador 4 |
| 46:16 | fthkzlty · tribute_sent a jugador 5 |
| 46:16 | fthkzlty · tribute_sent a jugador 6 |
| 46:16 | fthkzlty · tribute_sent a jugador 7 |
| 46:16 | fthkzlty · tribute_sent a jugador 8 |
| 46:16 | QuisalanElevas · first_building Siege Workshop |
| 46:37 | Hand Cannon · wall_segment Stone Wall x1 |
| 46:44 | Hand Cannon · wall_segment Stone Wall x1 |
| 46:53 | Hand Cannon · first_building Monastery |
| 47:40 | fthkzlty · first_building Stable |
| 50:07 | Hand Cannon · first_building Siege Workshop |
| 54:31 | fthkzlty · tribute_sent a jugador 1 |
| 54:31 | fthkzlty · tribute_sent a jugador 3 |
| 54:31 | fthkzlty · tribute_sent a jugador 4 |
| 54:31 | fthkzlty · tribute_sent a jugador 5 |
| 54:31 | fthkzlty · tribute_sent a jugador 6 |
| 54:31 | fthkzlty · tribute_sent a jugador 7 |
| 54:31 | fthkzlty · tribute_sent a jugador 8 |
| 55:52 | Hand Cannon · resign |
[ AI ANALYSIS · 1 CREDIT ]
What really happened in this match?
Wolo.gg analyzes every decision: build order, eco, micro, common mistakes by bracket. Personalized analysis on WhatsApp or Discord in 30 seconds.
Civ guide
Byzantines
Map guide
Arena
Perfil
its big brain time